 Dungeon Crawl Stone Soup version 0.23.2 (webtiles) character file.

Game seed: 14376676453490140997

2517 Fang the Skirmisher (level 9, -11/87 HPs)
             Began as a Gargoyle Berserker on Apr 4, 2019.
             Was a High Priest of Trog.
             Collided with a stone wall (12 damage)
             ... caused by a deep elf mage
             ... on level 7 of the Dungeon.
             The game lasted 00:07:31 (6786 turns).

Fang the Skirmisher (Gargoyle Berserker)            Turns: 6786, Time: 00:07:32

Health: -11/87     AC: 17    Str: 29    XL:     9   Next: 54%
Magic:  9/9        EV: 12    Int:  8    God:    Trog [*****.]
Gold:   481        SH:  0    Dex: 14    Spells: 8/8 levels left

rFire    . . .     SeeInvis +   y - +9 war axe "Feturi" {holy, SInv}
rCold    . . .     Gourm    .   (no shield)
rNeg     + . .     Faith    .   b - +0 chain mail
rPois    ∞         Spirit   .   (no helmet)
rElec    +         Reflect  .   (no cloak)
rCorr    .         Harm     .   (no gloves)
MR       ++...                  (no boots)
Stlth    ..........             (no amulet)
HPRegen  1.24/turn              m - ring of attention (curse)
MPRegen  0.11/turn              x - +5 ring of dexterity

@: berserking, regenerating, very quick
A: negative energy resistance 1, electricity resistance, unbreathing,
petrification resistance, rot immunity, AC +6
a: Berserk, Trog's Hand, Brothers in Arms, Renounce Religion


You were on level 7 of the Dungeon.
You worshipped Trog.
Trog was extremely pleased with you.
You were not hungry.

You visited 2 branches of the dungeon, and saw 8 of its levels.
You also visited: Sewer and Ossuary.

You collected 481 gold pieces.

Inventory:

Hand Weapons
 a - a +0 hand axe
 y - the +9 war axe "Feturi" (weapon) {holy, SInv}
   (You found it on level 5 of the Dungeon)

   It has been blessed by the Shining One to cause great damage to the undead
   and demons.
   It lets you see invisible.
Armour
 b - a +0 chain mail (worn)
Jewellery
 m - a cursed ring of attention (left hand)
 n - an uncursed ring of resist corrosion
 x - a +5 ring of dexterity (right hand)
Scrolls
 e - 6 scrolls of remove curse {unknown}
 f - 3 scrolls of fear {unknown}
 g - 3 scrolls of fog {unknown}
 j - 4 scrolls of enchant weapon {unknown}
 k - 6 scrolls of identify {unknown}
 p - 5 scrolls of blinking {unknown}
 q - a scroll of immolation {unknown}
 r - 6 scrolls of teleportation {unknown}
 t - a scroll of noise {unknown}
 C - a scroll of amnesia {unknown}
 D - a scroll of random uselessness {unknown}
 E - 2 scrolls of magic mapping {unknown}
 F - 2 scrolls of enchant armour {unknown}
Potions
 d - 4 potions of degeneration {unknown}
 h - 3 potions of mutation {unknown}
 i - 2 potions of flight {unknown}
 l - 3 potions of agility {unknown}
 o - 2 potions of magic {unknown}
 s - 3 potions of curing {unknown}
 u - 4 potions of haste {unknown}
 v - a potion of berserk rage {unknown}
 w - 5 potions of heal wounds {unknown}
 A - 3 potions of resistance {unknown}
 B - a potion of might {unknown}
 G - a potion of brilliance {unknown}
Comestibles
 c - 15 rations


   Skills:
 + Level 7.7 Fighting
 + Level 6.4 Axes
 + Level 7.3 Armour
 + Level 5.3 Dodging


You had 8 spell levels left.
You didn't know any spells.
Your spell library was empty.

Dungeon Overview and Level Annotations

Branches:
Dungeon (7/15)             Temple (1/1) D:6

Altars:
Elyvilon
Gozag
Kikubaaqudgha
Makhleb
Qazlal
Uskayaw
Xom
Yredelemnul


Innate Abilities, Weirdness & Mutations

You are resistant to torment.
Your stone body is resilient. (AC +6)
You are immune to poison.
You resist negative energy. (rN+)
You are resistant to electric shocks. (rElec)
You can survive without breathing.
You are immune to petrification.
You are immune to rotting.


Message History

The soul eater misses you.
Your skin crawls.
You feel resistant to hostile enchantments.
You feel quite a bit more hungry.
The deep elf mage hits you but does no damage.
The orc warrior hits you with a +0 hand axe.
* * * LOW HITPOINT WARNING * * *
The soul eater barely misses you.
The kobold demonologist looks satisfied for a moment.
The sun demon barely misses you.
Okay, then.
A red film seems to cover your vision as you go berserk!
You feel yourself moving faster!
You feel mighty!
You feel quite a bit more hungry.
The deep elf mage points at you and mumbles some strange words.
The lance of force hits you!!
* * * LOW HITPOINT WARNING * * *
You are knocked back by the lance of force.
You slam into the stone wall!
You die...

..# .#. ......##
......# #.#.#.# .....#
## ######*..#####.
#....oeK..##..
#.....@33.#..#
##...##3.##..#
#..##...#...##########
##..#..##.#...........
#.....#..######.#####
##...##.## #.# #..
#...#..# #.# #.#
##.##.## #.# #.#
#.#..# #.# #.#


You could see 2 soul eaters, a sun demon, a deep elf mage, a kobold
demonologist, an orc warrior and a battlesphere.

Vanquished Creatures
  The ghost of flotson the Bolt Thrower, an amateur DsHu (D:4)
  A hungry ghost (D:7)
  Menkaure (Ossuary)
  A sky beast (D:7)
  A centaur (D:5)
  2 ogres
  5 big kobolds (Sewer)
  A scorpion (D:4)
  3 howler monkeys
  A crimson imp (D:5)
  A bullfrog zombie (D:6)
  3 centaur zombies (Ossuary)
  2 quasits (D:4)
  2 hounds
  2 bullfrog skeletons
  2 orc wizards (D:6)
  A centaur skeleton (D:3)
  3 iguanas
  3 hell rats (D:5)
  5 worker ants
  A killer bee zombie (D:6)
  2 ogre zombies (Ossuary)
  6 mummies (Ossuary)
  Robin (D:2)
  A worker ant zombie (D:5)
  5 gnolls
  A howler monkey skeleton (D:7)
  10 adders
  5 river rats
  4 oozes
  6 adder zombies (Ossuary)
  2 adder skeletons
  5 worms
  2 dart slugs
  2 leopard geckos
  17 orcs
  11 bats
  2 bat zombies (D:3)
  3 giant cockroaches
  12 goblins
  13 hobgoblins
  7 jackals
  6 quokkas
  10 ball pythons
  5 frilled lizards
  4 goblin zombies (Ossuary)
  5 hobgoblin zombies (Ossuary)
  14 kobolds
  7 kobold zombies (Ossuary)
  A leopard gecko skeleton (D:5)
  A quokka zombie (Ossuary)
  23 rats
  4 rat zombies
239 creatures vanquished.

Vanquished Creatures (others)
  An orc wizard (D:4)
1 creature vanquished.

Grand Total: 240 creatures vanquished

Notes
Turn   | Place    | Note
-------+----------+-------------------------------------------
     0 | D:1      | Fang the Gargoyle Berserker began the quest for the Orb.
     0 | D:1      | Reached XP level 1. HP: 14/14 MP: 1/1
    70 | D:1      | Reached XP level 2. HP: 14/19 MP: 2/2
   352 | D:1      | Reached XP level 3. HP: 17/24 MP: 3/3
   596 | D:1      | Reached ** piety under Trog
   956 | D:2      | Found a faded altar of an unknown god.
   956 | D:2      | Found a basalt altar of Yredelemnul.
  1092 | D:2      | Found a shimmering altar of Xom.
  1094 | D:2      | Found a stormy altar of Qazlal.
  1095 | D:2      | Found a faded altar of an unknown god.
  1469 | D:2      | Reached XP level 4. HP: 29/29 MP: 4/4
  1473 | D:2      | Noticed Robin
  1493 | D:2      | Killed Robin
  2222 | D:3      | Reached XP level 5. HP: 31/33 MP: 5/5
  2430 | D:3      | Reached *** piety under Trog
  2432 | D:3      | Found an ancient bone altar of Kikubaaqudgha.
  2992 | D:4      | Found a hide-covered altar of Uskayaw.
  3039 | D:4      | Found a glowing drain.
  3072 | Sewer    | Entered a sewer
  3088 | Sewer    | Noticed a big kobold
  3137 | Sewer    | Killed a big kobold
  3137 | Sewer    | Reached XP level 6. HP: 39/39 MP: 6/6
  3325 | Sewer    | Reached skill level 5 in Fighting
  3325 | Sewer    | Reached XP level 7. HP: 43/44 MP: 7/7
  3938 | D:4      | Found a transporter.
  3943 | D:4      | Noticed flotson's ghost (amateur DsHu)
  3968 | D:4      | Reached skill level 5 in Armour
  3979 | D:4      | Killed flotson's ghost
  3979 | D:4      | Reached XP level 8. HP: 41/51 MP: 8/8
  4003 | D:4      | Found a transporter.
  4078 | D:4      | Reached skill level 5 in Axes
  4830 | D:5      | Entered Level 5 of the Dungeon
  4837 | D:5      | Reached **** piety under Trog
  4856 | D:5      | Found an opulent altar of Gozag.
  4946 | D:5      | Found a sand-covered staircase.
  5015 | D:5      | Got a crystal war axe
  5016 | D:5      | Identified the +9 war axe "Feturi" {holy, SInv} (You found
                  | it on level 5 of the Dungeon)
  5082 | Ossuary  | Entered an ossuary
  5180 | Ossuary  | Noticed Menkaure
  5186 | Ossuary  | Killed Menkaure
  5470 | D:5      | Reached XP level 9. HP: 26/56 MP: 9/9
  5834 | D:5      | Found a burning altar of Makhleb.
  5883 | D:5      | Reached ***** piety under Trog
  5921 | D:5      | Reached skill level 5 in Dodging
  5922 | D:5      | Received a gift from Trog
  5924 | D:5      | Found the +2 ratskin cloak {+Rats rPois rN+ Str-1 Int-1
                  | Dex+1}
  6082 | D:5      | Found a white marble altar of Elyvilon.
  6376 | D:6      | Found a staircase to the Ecumenical Temple.
  6435 | Temple   | Entered the Ecumenical Temple
  6772 | D:7      | Noticed a kobold demonologist
  6773 | D:7      | Noticed a deep elf mage
  6782 | D:7      | Noticed a soul eater
  6782 | D:7      | Noticed a sun demon
  6783 | D:7      | Noticed a soul eater
  6786 | D:7      | HP: 1/87 [deep elf mage/lance of force (19)]
  6786 | D:7      | Collided with a stone wall

Skill      XL: |  1  2  3  4  5  6  7  8  9 |
---------------+----------------------------+-----
Axes           | 3 4 5 6 |  6.4
Dodging        | 2 3 4 5 |  5.3
Armour         | 3 4 5 6 7 |  7.3
Fighting       | 4 5 6 7 |  7.7

Action                   |  1- 3 |  4- 6 |  7- 9 || total
-------------------------+-------+-------+-------++-------
Melee: Hand axe          |   152 |   311 |   309 ||   772
       War axe           |       |       |   175 ||   175
Invok: Berserk           |       |     1 |     4 ||     5
       Trog's Hand       |       |       |     1 ||     1
  Eat: Chunk             |     2 |     7 |    15 ||    24
       Ration            |       |       |     1 ||     1
Armor: Animal skin       |    56 |    14 |       ||    70
       Chain mail        |       |   214 |   262 ||   476
Dodge: Dodged            |   135 |   156 |   225 ||   516
